 Dungeon Crawl Stone Soup version 0.23.2-40-g277498a001 (webtiles) character file.

Game seed: 15021601642601339318

2076 Doot the Zephyrmancer (level 9, 0/46 HPs)
             Began as a Tengu Air Elementalist on Oct 14, 2019.
             Killed from afar by an orc wizard (6 damage)
             ... with a magic dart
             ... on level 6 of the Dungeon.
             The game lasted 00:20:06 (7992 turns).

Doot the Zephyrmancer (Tengu Air Elementalist)      Turns: 7992, Time: 00:20:06

Health: 0/46       AC:  3    Str:  8    XL:     9   Next: 26%
Magic:  1/29       EV: 16    Int: 20    God:
Gold:   409        SH:  0    Dex: 14    Spells: 9/22 levels left

rFire    . . .     SeeInvis .   v - +3 dagger (drain)
rCold    . . .     Gourm    .   (no shield)
rNeg     . . .     Faith    .   a - +0 robe
rPois    .         Spirit   .   (helmet restricted)
rElec    .         Reflect  .   (no cloak)
rCorr    +         Harm     .   g - +0 pair of gloves
MR       .....                  (boots unavailable)
Stlth    ++........             y - amulet of inaccuracy (curse)
HPRegen  0.15/turn              n - ring of magical power
MPRegen  0.21/turn              i - ring of resist corrosion

@: flying quickly and evasively, very slightly contaminated, quick
A: beak, talons 3, able to fly
a: Stop Flying


You were on level 6 of the Dungeon.
You were very hungry.

You visited 1 branch of the dungeon, and saw 7 of its levels.

You collected 409 gold pieces.

Inventory:

Hand Weapons
 b - a -1 whip
 h - a +0 mace
 v - a +3 dagger of draining (weapon)
 w - a +2 dagger of electrocution
Armour
 a - a +0 robe (worn)
 g - a +0 pair of gloves (worn)
Jewellery
 i - a ring of resist corrosion (right hand)
 n - a ring of magical power (left hand)
 p - an uncursed ring of teleportation
 y - a cursed amulet of inaccuracy (around neck)
Wands
 t - a wand of disintegration (12)
Scrolls
 d - 2 scrolls of teleportation
 f - 2 scrolls of identify
 o - a scroll of blinking
 q - a scroll of enchant armour {unknown}
 r - a scroll of enchant weapon
 x - a scroll of random uselessness
 z - a scroll of magic mapping
Potions
 e - 2 potions of brilliance
 j - 3 potions of curing
 k - 2 potions of agility {unknown}
 l - a potion of invisibility
 m - 2 potions of heal wounds
 s - a potion of might
 A - a potion of haste
 B - a potion of ambrosia {unknown}
 C - a potion of mutation {unknown}
Comestibles
 c - 10 rations


   Skills:
 + Level 0.5 Fighting
 + Level 0.2 Short Blades
 + Level 0.1 Maces & Flails
 + Level 3.0 Dodging
 + Level 3.6 Stealth
 + Level 7.1 Spellcasting
 + Level 5.0 Conjurations
 + Level 10.6 Air Magic


You had 9 spell levels left.
You knew the following spells:

 Your Spells              Type           Power        Failure   Level  Hunger
a - Shock                 Conj/Air       ####         1%          1    None
b - Static Discharge      Conj/Air       #####...     1%          3    #......
c - Airstrike             Air            #####.....   1%          4    ###....
d - Lightning Bolt        Conj/Air       #####.....   11%         5    #####..

Your spell library contained the following spells:

 Spells                   Type           Power        Failure   Level  Hunger
 Swiftness                Chrm/Air       ####....     1%          2    None
 Beastly Appendage        Tmut           #.....       10%         1    None
 Sticks to Snakes         Tmut           #.......     14%         2    None
 Spider Form              Tmut/Pois      #.........   28%         3    #......
 Ice Form                 Ice/Tmut       #.......     67%         4    ###....
 Blade Hands              Tmut           #.........   95%         5    #####..


Dungeon Overview and Level Annotations

Branches:
Dungeon (7/15)
 Temple: D:4-7

Altars:
Ashenzari
Makhleb
Nemelex Xobeh
Okawaru
Ru
Trog
Uskayaw
Xom
Yredelemnul

Annotations:
D:4 3 runed translucent doors, seIthillrisiriel's ghost, amateur DrCj


Innate Abilities, Weirdness & Mutations

You have a beak for a mouth.
You have claws for feet.
You can fly continuously.


Message History

The magic dart hits you.
* * * LOW HITPOINT WARNING * * *
You hit the orc wizard but do no damage.
Your kick misses the orc wizard.
The orc wizard is heavily wounded.
The orc wizard barely misses you.
The orc wizard hits you with a +0 dagger.
* * * LOW HITPOINT WARNING * * *
It was a potion of flight.
You feel more buoyant.
The orc wizard hits you with a +0 dagger.
* * * LOW HITPOINT WARNING * * *
Unknown command.
You miss the orc wizard.
The orc wizard is heavily wounded.
The orc wizard mumbles some strange words.
The orc wizard blinks!
The orc wizard gestures at you while chanting.
The magic dart hits you.
You die...

......................#...#...'..
......................+...'...#..
......................#########..
.............................###+
...............#######.......#...
...............#.....#.......#...
...............#.....#.......###+
...............'o....#######.....
...............#@.....# #.....
...........>...#ยง....## #.....
...............#.....#######.....
...............#.....#...........
..######.#######.....#...........
..#...........#'.....#...........
..#.####o####.##.....#...........
..#.#.....o.#.##.....#####.......
..#.#.##.##.#.##......# #.......


You could see an orc wizard.

Vanquished Creatures
  Pikel (D:5)
  Menkaure (D:4)
  A sky beast (D:6)
  A slave (D:5)
  Duvessa (D:6)
  An ice beast (D:5)
  An ogre (D:6)
  A phantom (D:4)
  2 centaurs
  Dowan (D:6)
  A scorpion (D:4)
  A howler monkey (D:6)
  A crimson imp (D:6)
  4 orc priests
  A bullfrog skeleton (D:6)
  An iguana (D:6)
  Terence (D:2)
  6 orc wizards
  2 worker ants
  A killer bee zombie (D:6)
  A hound zombie (D:6)
  5 adders
  3 gnolls (D:3)
  A shadow imp (D:4)
  2 oozes
  3 worms
  4 dart slugs
  A leopard gecko (D:2)
  36 orcs
  4 giant cockroaches
  11 goblins
  14 hobgoblins
  3 quokkas
  2 ball pythons
  6 bats
  6 frilled lizards
  8 kobolds
  7 rats
147 creatures vanquished.

Vanquished Creatures (others)
  A plant (D:1)
1 creature vanquished.

Grand Total: 148 creatures vanquished

Notes
Turn   | Place    | Note
-------+----------+-------------------------------------------
     0 | D:1      | Doot the Tengu Air Elementalist began the quest for the
                  | Orb.
     0 | D:1      | Reached XP level 1. HP: 10/10 MP: 4/4
   228 | D:1      | Reached XP level 2. HP: 15/15 MP: 1/6
   636 | D:1      | Reached XP level 3. HP: 17/19 MP: 3/7
   853 | D:1      | Learned a level 3 spell: Static Discharge
  1627 | D:2      | Reached skill level 5 in Air Magic
  2034 | D:2      | Reached XP level 4. HP: 16/24 MP: 8/8
  2482 | D:2      | Noticed Terence
  2489 | D:2      | Killed Terence
  2611 | D:2      | Found a hide-covered altar of Uskayaw.
  2618 | D:2      | Found a bloodstained altar of Trog.
  2623 | D:2      | Found an iron altar of Okawaru.
  2623 | D:2      | Found a basalt altar of Yredelemnul.
  3003 | D:3      | Gained mutation: You can fly continuously. [Tengu growth]
  3003 | D:3      | Reached XP level 5. HP: 23/28 MP: 9/10
  3443 | D:3      | Learned a level 4 spell: Airstrike
  3472 | D:3      | Reached skill level 6 in Air Magic
  3472 | D:3      | Reached XP level 6. HP: 32/32 MP: 5/12
  4584 | D:4      | Noticed seIthillrisiriel's ghost (amateur DrCj)
  4585 | D:4      | Found a runed translucent gate.
  4585 | D:4      | Found a runed translucent gate.
  4585 | D:4      | Found a runed translucent gate.
  4603 | D:4      | Noticed Menkaure
  4881 | D:4      | Reached skill level 7 in Air Magic
  4881 | D:4      | Reached XP level 7. HP: 36/36 MP: 14/14
  5318 | D:4      | Found a sparkling altar of Nemelex Xobeh.
  5501 | D:4      | Learned a level 5 spell: Lightning Bolt
  5550 | D:4      | Killed Menkaure
  5550 | D:4      | Reached skill level 8 in Air Magic
  5901 | D:5      | Entered Level 5 of the Dungeon
  6003 | D:5      | Reached skill level 5 in Spellcasting
  6003 | D:5      | Reached XP level 8. HP: 41/41 MP: 4/16
  6740 | D:5      | Noticed Pikel
  6749 | D:5      | Killed Pikel
  6749 | D:5      | Reached skill level 9 in Air Magic
  7039 | D:5      | Found a burning altar of Makhleb.
  7256 | D:6      | Reached skill level 10 in Air Magic
  7256 | D:6      | Reached XP level 9. HP: 30/46 MP: 12/19
  7257 | D:6      | Found a shattered altar of Ashenzari.
  7461 | D:6      | Found a shimmering altar of Xom.
  7587 | D:6      | Noticed Duvessa
  7587 | D:6      | Noticed Dowan
  7609 | D:6      | Killed Duvessa
  7609 | D:6      | Killed Dowan
  7826 | D:6      | Found a sacrificial altar of Ru.
  7954 | D:7      | Reached skill level 5 in Conjurations
  7992 | D:6      | Killed from afar by an orc wizard

Skill      XL: |  1  2  3  4  5  6  7  8  9 |
---------------+----------------------------+-----
Air Magic      | 5 6 7 8 10 | 10.6
Conjurations   | 2 3 4 5 |  5.0
Spellcasting   | 3 4 5 6 7 |  7.1
Stealth        | 3 |  3.6
Dodging        | 3 |  3.0
Fighting       | |  0.5
Short Blades   | |  0.2
Maces & Flails | |  0.1

Action                   |  1- 3 |  4- 6 |  7- 9 || total
-------------------------+-------+-------+-------++-------
Melee: Whip              |     5 |     3 |       ||     8
       Dagger            |       |       |    10 ||    10
       Kick              |       |       |     2 ||     2
       Peck              |       |       |     1 ||     1
 Cast: Shock             |    51 |    80 |    31 ||   162
       Static Discharge  |     2 |    17 |     8 ||    27
       Airstrike         |       |    13 |    37 ||    50
       Lightning Bolt    |       |       |     8 ||     8
 Abil: Fly               |       |     1 |       ||     1
  Use: Potion            |       |     6 |     1 ||     7
       Scroll            |       |       |    12 ||    12
 Stab: Sleeping          |       |     1 |     3 ||     4
  Eat: Chunk             |     4 |    13 |    13 ||    30
       Ration            |       |       |     1 ||     1
Armor: Robe              |     2 |     9 |     2 ||    13
       Skin              |       |     1 |       ||     1
Dodge: Dodged            |    18 |    38 |    24 ||    80
